 Dungeon Crawl Stone Soup version 0.28-a0-723-g095bd1b44f (webtiles) character file.

Game seed: 3076598293096109853

0 spiderkeys the Ducker (level 1, -2/13 HPs)
             Began as a Deep Elf Abyssal Knight on Oct 25, 2021.
             Was a Follower of Lugonu.
             Slain by a small abomination (15 damage)
             ... on level 5 of the Abyss.
             The game lasted 00:00:44 (131 turns).

spiderkeys the Ducker (Deep Elf Abyssal Knight)      Turns: 131, Time: 00:00:45

Health: -2/13      AC:  3    Str: 10    XL:     1   Next: 0%
Magic:  4/4        EV: 12    Int: 14    God:    Lugonu [*.....]
Gold:   25         SH:  0    Dex: 15    Spells: 0/0 levels left

rFire   . . .      SeeInvis .   e - +0 hand axe (elec)
rCold   . . .      Faith    .   (no shield)
rNeg    . . .      Spirit   .   b - +0 leather armour
rPois   .          Reflect  .   (no helmet)
rElec   .          Harm     .   (no cloak)
rCorr   .          Rampage  .   (no gloves)
Will    .....                   (no boots)
Stlth   +.........              (no amulet)
HPRegen 0.04/turn               (no ring)
MPRegen 0.09/turn               (no ring)

@: no status effects
A: no striking features
a: Renounce Religion, Depart the Abyss


You were on level 5 of the Abyss.
You worshipped Lugonu.
Lugonu was aware of your devotion.
You visited 0 branches of the dungeon, and saw 0 of its levels.
You visited the Abyss 1 time.

You collected 25 gold pieces.


   Skills:
 + Level 2.4 Fighting
 + Level 1.7 Long Blades
 + Level 0.7 Armour
 + Level 2.4 Dodging
 + Level 2.0 Invocations


You couldn't memorise any spells.
You didn't know any spells.
Your spell library was empty.

Inventory:

Hand Weapons
 a - a +1 falchion
 e - a +0 hand axe of electrocution (weapon)
   (You found it on level 4 of the Abyss)
Armour
 b - a +0 leather armour (worn)
Potions
 c - a potion of brilliance {unknown}
 d - a potion of berserk rage {unknown}
 f - a potion of invisibility {unknown}
 g - a potion of lignification {unknown}

Dungeon Overview and Level Annotations

Branches:
Dungeon (0/15)

Altars:

. ...# #.# . . ..##. .#
..#.##..## .......
.......... ...( .
#.#.......# #.....
##.#.......## .......
......#....
.......##.........
......#...#.#....##
.....# #.# .#...@.##
#...#.##...#.##..x.#
#.. #. ....#.#....#.#
#.........#........#..
...#..............#.#.#
#.#... ..........#...#
...#..#.......#.##.. #
...####.###.##### .# .#
#.## .#.


You could see a small abomination.


Message History

🤖 Initializing magus.rc ... ✅ Successfully initialized magus.rc [v1.9.10] Welcome, spiderkeys the Deep Elf Abyssal Knight.
Will you be the one to retrieve the splendid Orb of Zot from the depths?
Lugonu says: Depart the Abyss and spread corruption, my servant! (use the ability menu to exit the Abyss) Press ? for a list of commands and other information.
Found a viscous cyan potion.
Found a corrupted altar of Lugonu.
Found a gateway leading deeper into the Abyss.
c - a viscous cyan potion
Found a gateway leading out of the Abyss.
There is a gateway leading deeper into the Abyss here.
You plunge deeper into the Abyss.
d - a lumpy puce potion
Found a gateway leading deeper into the Abyss.
There is a gateway leading deeper into the Abyss here.
You plunge deeper into the Abyss.
The abyssal rune of Zot can be found at this depth.
A lurking horror comes into view.
Found a gateway leading deeper into the Abyss.
There is a gateway leading deeper into the Abyss here.
You plunge deeper into the Abyss.
The abyssal rune of Zot can be found at this depth.
You see here a +0 hand axe of electrocution.
e - a +0 hand axe of electrocution You hear the crackle of electricity.
e - a +0 hand axe of electrocution (weapon)
You now have 25 gold pieces.
Found a gateway leading deeper into the Abyss.
f - a ruby potion
g - a murky orange potion
There is a gateway leading deeper into the Abyss here.
You plunge deeper into the Abyss.
The abyssal rune of Zot can be found at this depth.
A small abomination comes into view.
The small abomination closely misses you.
You hit the small abomination but do no damage.
Lightning courses through the small abomination!!
The small abomination hits you!
Ouch! That really hurt!
You die...

Action                   || total
-------------------------++-------
Melee: Hand axe          ||     1
Dodge: Dodged            ||     1

Levels and vault maps discovered:
Abyss:5:  base: Temple, hangedman_abyss_exit_choices,
          evilmike_abyss_rune_tso_outpost, evilmike_abyss_exit_16

Notes
Turn   | Place    | Note
-------+----------+-------------------------------------------
     0 | Abyss:1  | spiderkeys the Deep Elf Abyssal Knight began the quest for
                  | the Orb.
     0 | Abyss:1  | Reached XP level 1. HP: 13/13 MP: 4/4
     0 | Abyss:1  | magus.rc [v1.9.10]
   117 | Abyss:5  | Entered Level 5 of the Abyss
   129 | Abyss:5  | Noticed a small abomination
   131 | Abyss:5  | Slain by a small abomination

Vanquished Creatures (others)
  4 demonic plants (Abyss:4)
4 creatures vanquished.

Table legend:
 A = Non-vault XP
 B = Vault XP
 C = Vault XP percentage of total XP
 D = Non-vault monster count
 E = Vault monster count
 F = Vault count percentage of total count
                 A         B        C        D         E       F
            +---------+---------+-------+---------+---------+-------
      Total |       0 |       0 |   N/A |       0 |       0 |  -nan
            +---------+---------+-------+---------+---------+-------
            +---------+---------+-------+---------+---------+-------

Illustrated notes

Table legend: (Time is in decaauts)
 A = Elapsed time spent in this place.
 B = Non-inter-level travel time spent in this place.
 C = Inter-level travel time spent in this place.
 D = Time resting spent in this place.
 E = Time spent auto-exploring this place.
 F = Levels seen in this place.
 G = Mean time per level.
                   A        B        C        D        E       F      G
               +--------+--------+--------+--------+--------+-----+--------+
         Total |    129 |    129 |      0 |      0 |      0 |   5 |   25.8 |
         Abyss |    129 |    129 |      0 |      0 |      0 |   5 |   25.8 |
               +--------+--------+--------+--------+--------+-----+--------+

Top non-repeatable levels by time:
 Abyss:4: 46 daAuts
 Abyss:2: 30 daAuts
 Abyss:3: 23 daAuts
 Abyss:1: 15 daAuts
 Abyss:5: 13 daAuts
